 Dungeon Crawl Stone Soup version 0.21-a0-348-ga060c75 (webtiles) character file.

154 vishdafish the Charmwright (level 5, -1/41 HPs)
             Began as a Demonspawn Skald on Oct 6, 2017.
             Succumbed to a worker ant's poison
             ... on level 3 of the Dungeon.
             The game lasted 00:03:55 (2204 turns).

vishdafish the Charmwright (Demonspawn Skald)       Turns: 2204, Time: 00:03:56

Health: -1/41      AC:  6    Str: 12    XL:     5   Next: 13%
Magic:  8/8        EV: 12    Int: 15    God:
Gold:   71         SH:  0    Dex: 14    Spells: 7/8 levels left

rFire    . . .     SeeInvis .   a - +0 spear
rCold    . . .     Gourm    .   (no shield)
rNeg     . . .     Faith    .   b - +0 leather armour
rPois    .         Spirit   .   (no helmet)
rElec    .         Reflect  .   (no cloak)
rCorr    .         Harm     .   (no gloves)
MR       .....                  (no boots)
Stlth    +.........             (no amulet)
HPRegen  0.13/turn              g - +3 ring of protection
MPRegen  0.11/turn              (no ring)

@: lethally poisoned (-1 -> -14), very slightly contaminated, invisible
A: hooves 1, thin skeletal structure 1, rot immunity
a: no special abilities


You were on level 3 of the Dungeon.
You were not hungry.

You visited 1 branch of the dungeon, and saw 4 of its levels.

You collected 71 gold pieces.

Inventory:

Hand Weapons
 a - a +0 spear (weapon)
Armour
 b - a +0 leather armour (worn)
Jewellery
 g - a +3 ring of protection (left hand)
Scrolls
 f - 2 scrolls of amnesia {unknown}
 h - 2 scrolls of teleportation {unknown}
 i - a scroll of magic mapping {unknown}
 k - a scroll of fear {unknown}
 m - a scroll of remove curse {unknown}
 n - 2 scrolls of recharging {unknown}
 p - a scroll of identify {unknown}
 r - a scroll of immolation {unknown}
 s - a scroll of blinking {unknown}
Books
 c - a book of Battle

   Spells                             Type                      Level
   a - Infusion                       Charms                       1
   b - Shroud of Golubria             Charms/Translocation         2
   c - Song of Slaying                Charms                       2
   d - Spectral Weapon                Hexes/Charms                 3
   e - Regeneration                   Charms/Necromancy            3
Comestibles
 d - 3 bread rations
 l - a meat ration
 q - a royal jelly


   Skills:
 + Level 3.0 Fighting
 * Level 3.1 Polearms
 - Level 1.0 Armour
 + Level 2.6 Dodging
 * Level 2.3 Spellcasting
 - Level 3.3 Charms


You had 7 spell levels left.
You knew the following spells:

 Your Spells              Type           Power        Failure   Level  Hunger
a - Infusion              Chrm           ##..         7%          1    #......


Dungeon Overview and Level Annotations

Branches:
Dungeon (4/15)
 Temple: D:4-7

Altars:


Innate Abilities, Weirdness & Mutations

You have large cloven feet.
You have a somewhat thin skeletal structure. (Dex +2, Stealth)
You are immune to rotting.


Message History

The worker ant bites you but does no damage.
There is a stone staircase leading up here.
You closely miss the worker ant.
You kick the worker ant, but do no damage.
The worker ant is almost dead.
You feel sick. The worker ant barely misses you.
You closely miss the worker ant.
You kick the worker ant, but do no damage.
The worker ant is almost dead.
The worker ant bites you.
* * * LOW HITPOINT WARNING * * *
You are more poisoned.
The worker ant poisons you!
You strike the helpless worker ant from behind!
You hit the worker ant.
You kill the worker ant!
You have reached level 5!
Your demonic ancestry asserts itself...
Your bones become slightly less dense.
You die...

### ### ###
#.#############.####.#
..#.............@....#
#.#.###########.####.# #.#.# #l#
#.# #.#.# ######'## #.# #.#.#
#.......# #.# #.#.# ##.......#
#.#########
#.#.#####........###.........#
..#..............#...........####
..#..............#...............


You could see an iguana.

Vanquished Creatures
  A howler monkey (D:3)
  A worker ant (D:3)
  An adder (D:2)
  4 worms
  2 leopard geckos
  7 orcs (D:3)
  7 bats
  9 giant cockroaches
  6 goblins
  3 hobgoblins
  7 kobolds
  A quokka (D:3)
  2 ball pythons (D:3)
  4 frilled lizards
  5 rats
60 creatures vanquished.

Notes
Turn   | Place    | Note
-------+----------+-------------------------------------------
     0 | D:1      | vishdafish the Demonspawn Skald began the quest for the Orb.
     0 | D:1      | Reached XP level 1. HP: 16/16 MP: 3/3
    63 | D:1      | Gained mutation: You have large cloven feet. [demonic ancestry]
    63 | D:1      | Reached XP level 2. HP: 18/22 MP: 3/5
    83 | D:1      | Reached skill level 1 in Armour
   644 | D:2      | Reached XP level 3. HP: 22/28 MP: 6/6
  1519 | D:3      | Gained mutation: You are immune to rotting. [demonic ancestry]
  1519 | D:3      | Reached XP level 4. HP: 34/34 MP: 3/7
  1794 | D:3      | Found a faded altar of an unknown god.
  2203 | D:3      | HP: 1/35 [worker ant (6)]
  2204 | D:3      | Gained mutation: You have a somewhat thin skeletal structure. (Dex +2, Stealth) [demonic ancestry]
  2204 | D:3      | Reached XP level 5. HP: 1/41 MP: 8/8
  2204 | D:3      | Succumbed to a worker ant's poison

Vault maps used:
D:1:      dpeg_arrival_arbitrary_c, st_stairs_9
D:2:      first_bread, bh_walls_and_bars
D:3:      chequers_ecumenical_altar_simple
D:4:      portal_sewer_entry_a, grunt_ministairs_9, uniq_crazy_yiuf_cottage

Skill      XL: |  1  2  3  4 |
---------------+-------------+-----
Armour         | 1 |  1.0
Polearms       | 2 3 |  3.1
Dodging        | 2 |  2.6
Charms         | 3 |  3.3
Fighting       | 3 |  3.0
Spellcasting   | |  2.3

Action                   |  1- 3 |  4- 6 || total
-------------------------+-------+-------++-------
Melee: Spear             |   124 |    60 ||   184
       Kick              |     9 |    16 ||    25
 Cast: Infusion          |    10 |     2 ||    12
  Use: Potion            |       |     3 ||     3
 Stab: Invisible         |       |     3 ||     3
  Eat: Chunk             |     2 |     2 ||     4
Armor: Leather armour    |    26 |    12 ||    38
Dodge: Dodged            |    51 |    31 ||    82

Table legend:
 A = Spawn XP
 B = Non-spawn XP
 C = Spawn XP percentage of total XP
 D = Spawn monster count
 E = Non-spawn monster count
 F = Spawn count percentage of total count
 G = Total turns spent on level
                    A         B        C        D         E        F      G
               +---------+---------+-------+---------+---------+-------+---------
         Total |       0 |     221 |   0.0 |       0 |      60 |   0.0 |  2204
               +---------+---------+-------+---------+---------+-------+---------
           D:1 |       0 |      33 |   0.0 |       0 |      20 |   0.0 |   569
           D:2 |       0 |      56 |   0.0 |       0 |      20 |   0.0 |   900
           D:3 |       0 |     132 |   0.0 |       0 |      20 |   0.0 |   729
               +---------+---------+-------+---------+---------+-------+---------
